 Dungeon Crawl Stone Soup version 0.20.1-2-g1830e616b0 (webtiles) character file.

2055 Alfie the Cleaver (level 9, 0/75 HPs)
             Began as a Hill Orc Fighter on Jan 13, 2020.
             Succumbed to a scorpion's poison
             ... on level 6 of the Dungeon.
             The game lasted 00:21:34 (4654 turns).

Alfie the Cleaver (Hill Orc Fighter)                Turns: 4654, Time: 00:21:35

Health: 0/75       AC:  9    Str: 27    XL:     9   Next: 25%
Magic:  9/9        EV: 10    Int:  8    God:
Gold:   101        SH: 11    Dex: 13    Spells: 8/8 levels left

rFire    . . .     SeeInvis .   a - +0 war axe
rCold    . . .     Gourm    .   c - +0 shield
rNeg     . . .     Faith    .   b - +0 scale mail
rPois    .         Spirit   .   (no helmet)
rElec    .         Reflect  .   g - +0 cloak
rCorr    .         Harm     .   (no gloves)
MR       .....                  (no boots)
Stlth    ..........             (no amulet)
Regen    0.3/turn               H - +3 ring of dexterity
MPRegen  0.2/turn               (no ring)

@: mighty, lethally poisoned (0 -> -2), about to teleport, flying
A: no striking features
a: no special abilities


You were on level 6 of the Dungeon.
You were not hungry.

You visited 2 branches of the dungeon, and saw 7 of its levels.

You collected 305 gold pieces.
You spent 204 gold pieces at shops.

Inventory:

Hand Weapons
 a - a +0 war axe (weapon)
 G - a +1 whip of freezing
Missiles
 n - 28 poisoned needles
Armour
 b - a +0 scale mail (worn)
 c - a +0 shield (worn)
 g - a +0 cloak (worn)
Jewellery
 H - a +3 ring of dexterity (left hand)
 L - a +4 ring of slaying {unknown}
Wands
 k - a wand of iceblast (9/15)
 y - a wand of confusion (31/48)
 D - a wand of confusion (24/48)
 E - a wand of lightning (13/15)
 F - a wand of polymorph (15/24)
Scrolls
 e - 5 scrolls of identify
 h - a scroll of teleportation
 l - a scroll of remove curse {unknown}
 m - 2 scrolls of enchant armour {unknown}
 q - a scroll of enchant weapon {unknown}
 r - 2 scrolls of magic mapping {unknown}
 s - a scroll of fog {unknown}
 v - 2 scrolls of recharging
 C - 2 scrolls of amnesia
 K - a scroll of immolation {unknown}
Potions
 i - 2 potions of magic
 o - 3 potions of flight
 w - a potion of heal wounds {unknown}
 x - a potion of haste
 A - a potion of cancellation {unknown}
 B - a potion of degeneration {unknown}
Books
 u - a book of Cantrips

   Spells                             Type                      Level
   a - Confusing Touch                Hexes                        1
   b - Animate Skeleton               Necromancy                   1
   c - Summon Small Mammal            Summoning                    1
   d - Apportation                    Translocation                1
 I - a book of Changes

   Spells                             Type                      Level
   a - Beastly Appendage              Transmutation                1
   b - Sticks to Snakes               Transmutation                2
   c - Spider Form                    Transmutation/Poison         3
   d - Ice Form                       Ice/Transmutation            4
   e - Blade Hands                    Transmutation                5
Comestibles
 f - 2 bread rations
 j - 6 fruits
 t - a royal jelly
 z - a meat ration


   Skills:
 + Level 5.8 Fighting
 + Level 10.8 Axes
 + Level 0.1 Throwing
 + Level 6.4 Armour
 + Level 2.8 Dodging
 + Level 0.1 Stealth
 + Level 5.8 Shields


You had 8 spell levels left.
You didn't know any spells.

Dungeon Overview and Level Annotations

Branches:
Dungeon (6/15)             Temple (1/1) D:6

Altars:
Ashenzari
Cheibriados
Dithmenos
Elyvilon
Fedhas
Gozag
Nemelex Xobeh
Okawaru
Qazlal
Ru
Sif Muna
Trog
Uskayaw
Vehumet
Xom
Yredelemnul
Zin
The Shining One

Shops:
D:5 }


Message History

You kill the scorpion!
You closely miss the sky beast.
You feel sick. The sky beast barely misses you.
You feel sick. You block the sky beast's attack.
You see here a scorpion corpse.
You hit the sky beast.
The sky beast is lightly wounded.
You feel sick. The sky beast hits you.
* * * LOW HITPOINT WARNING * * *
The sky beast shocks you.
* * * LOW HITPOINT WARNING * * *
As you read the scroll of teleportation, it crumbles to dust.
You feel strangely unstable.
The sky beast flickers out of sight!
Deactivating autopickup; reactivate with Ctrl-A.
Something hits you but does no damage.
* * * LOW HITPOINT WARNING * * *
You feel sick.
You feel very mighty all of a sudden.
You feel very buoyant.
You fly up into the air.
You die...

###....†....###.##......#
.............†..........[
###....(....##.#####.....
##.....................
#....(....##.####.###.#
#.................###[#
#....(.....####........
#..........# ##..####..
#....†@....###...P♣....
##(.............♣.≈.P).
##.........###≈.≈..≈.>
########..###.......P≈≈.≈.≈P.
#.>.......#.....####.≈≈≈≈≈...
#......(....##..# #.≈≈≈≈P≈..
#.........#####.# #P≈≈≈≈≈≈..
#..).....<# #[# #..≈≈≈≈≈..
#........## ###.#####≈≈.≈≈≈..


There were no monsters in sight!

Vanquished Creatures
  Pikel (D:5)
  A cyclops (D:6)
  Sigmund (D:5)
  Duvessa (D:6)
  A slave (D:5)
  The ghost of peterlawrence the Covered, an amateur MiFi (D:3)
  A phantom (D:4)
  A bullfrog (D:6)
  Dowan (D:6)
  2 scorpions (D:6)
  A howler monkey (D:4)
  A centaur zombie (D:5)
  2 hounds (D:6)
  A jelly (D:5)
  A gnoll shaman (D:6)
  Jessica (D:2)
  Terence (D:2)
  4 worker ants
  A hound zombie (D:5)
  A hound skeleton (D:5)
  4 worker ant zombies
  3 gnolls (D:3)
  8 adders
  A shadow imp (D:5)
  3 worms
  A dart slug (D:4)
  5 leopard geckos
  7 orcs
  8 bats
  7 giant cockroaches
  7 goblins
  6 hobgoblins
  2 jackals (D:6)
  4 kobolds
  4 quokkas
  A frilled lizard (D:3)
  A jackal skeleton (D:4)
  3 rats
100 creatures vanquished.

Vanquished Creatures (others)
  2 crimson imps (D:5)
2 creatures vanquished.

Grand Total: 102 creatures vanquished

Notes
Turn   | Place    | Note
-------+----------+-------------------------------------------
     0 | D:1      | Alfie the Hill Orc Fighter began the quest for the Orb.
     0 | D:1      | Reached XP level 1. HP: 19/19 MP: 1/1
   162 | D:1      | Reached XP level 2. HP: 23/27 MP: 2/2
   405 | D:1      | Reached skill level 3 in Axes
   725 | D:2      | Found a faded altar of an unknown god.
   794 | D:2      | Reached XP level 3. HP: 26/33 MP: 3/3
   924 | D:2      | Found a sacrificial altar of Ru.
  1049 | D:2      | Noticed Jessica
  1060 | D:2      | Killed Jessica
  1060 | D:2      | Reached skill level 4 in Axes
  1060 | D:2      | Reached XP level 4. HP: 40/40 MP: 4/4
  1118 | D:2      | Noticed Terence
  1142 | D:2      | Killed Terence
  1142 | D:2      | Reached skill level 1 in Dodging
  1543 | D:3      | Found an opulent altar of Gozag.
  1548 | D:3      | Found a shadowy altar of Dithmenos.
  1579 | D:3      | Noticed peterlawrence's ghost (amateur MiFi)
  1606 | D:3      | Killed peterlawrence's ghost
  1606 | D:3      | Reached skill level 5 in Axes
  1606 | D:3      | Reached XP level 5. HP: 6/46 MP: 5/5
  1847 | D:3      | Reached XP level 6. HP: 18/52 MP: 6/6
  1942 | D:3      | Learned a level 1 spell: Summon Small Mammal
  2462 | D:4      | Noticed a phantom
  2599 | D:4      | Killed a phantom
  2599 | D:4      | Reached skill level 6 in Axes
  2689 | D:4      | Reached XP level 7. HP: 56/60 MP: 7/7
  2770 | D:4      | Found a radiant altar of Vehumet.
  2823 | D:5      | Entered Level 5 of the Dungeon
  2930 | D:5      | Found a blossoming altar of Fedhas.
  2976 | D:5      | Found Vaugisid's Gadget Boutique.
  2997 | D:5      | Reached skill level 7 in Axes
  3040 | D:5      | Bought a wand of lightning (13/15) for 204 gold pieces
  3050 | D:5      | Noticed Pikel
  3079 | D:5      | Killed Pikel
  3079 | D:5      | Reached skill level 5 in Fighting
  3079 | D:5      | Reached skill level 8 in Axes
  3079 | D:5      | Reached skill level 5 in Armour
  3079 | D:5      | Reached skill level 5 in Shields
  3079 | D:5      | Reached XP level 8. HP: 24/68 MP: 8/8
  3680 | D:5      | Noticed Sigmund
  3697 | D:5      | Killed Sigmund
  3697 | D:5      | Reached skill level 9 in Axes
  3801 | D:5      | Found a deep blue altar of Sif Muna.
  4080 | D:6      | Noticed Dowan
  4080 | D:6      | Noticed Duvessa
  4106 | D:6      | Killed Duvessa
  4106 | D:6      | Reached skill level 10 in Axes
  4126 | D:6      | Killed Dowan
  4210 | D:6      | Found a staircase to the Ecumenical Temple.
  4216 | Temple   | Entered the Ecumenical Temple
  4479 | D:6      | Found a shattered altar of Ashenzari.
  4607 | D:6      | Noticed a cyclops
  4623 | D:6      | Killed a cyclops
  4623 | D:6      | Reached XP level 9. HP: 18/75 MP: 9/9
  4650 | D:6      | HP: 1/75 [sky beast (5)]
  4654 | D:6      | Succumbed to a scorpion's poison

Skill      XL: |  1  2  3  4  5  6  7  8 |
---------------+-------------------------+-----
Axes           | 3 4 5 6 8 10 | 10.8
Fighting       | 4 5 |  5.8
Dodging        | 1 2 |  2.8
Shields        | 4 5 |  5.8
Armour         | 4 5 6 |  6.4
Throwing       | |  0.1
Stealth        | |  0.1

Action                   |  1- 3 |  4- 6 |  7- 9 || total
-------------------------+-------+-------+-------++-------
Melee: War axe           |    65 |   189 |   204 ||   458
Throw: Throwing net      |       |     1 |       ||     1
       Tomahawk          |       |       |     4 ||     4
  Use: Scroll            |     1 |     2 |     5 ||     8
       Potion            |       |     3 |     7 ||    10
  Eat: Meat ration       |     1 |       |       ||     1
       Fruit             |       |     1 |       ||     1
       Bread ration      |       |       |     2 ||     2
Armor: Scale mail        |    27 |    63 |    56 ||   146
Dodge: Dodged            |    22 |    58 |    70 ||   150
Block: Shield            |    39 |    95 |    83 ||   217
